 Dungeon Crawl Stone Soup version 0.32-a0-814-g0968bab981 (webtiles) character file.

Game seed: 3121410687666181222

72838 cforsyth the Cleaver (level 15, -3/136 HPs)
             Began as a Mountain Dwarf Cinder Acolyte on Mar 22, 2024.
             Was a High Priest of Ignis.
             Slain by an orc warrior
             ... wielding a +0 halberd
             ... led by an orc knight
              (19 damage)
             ... on level 2 of the Orcish Mines on Mar 23, 2024.
             The game lasted 01:04:07 (32638 turns).

cforsyth the Cleaver (MDCA)                        Turns: 32638, Time: 01:04:07

Health: -3/136     AC: 30    Str: 18    XL:     15   Next: 2%
Magic:  29/29      EV: 13    Int: 24    God:    Ignis [*****.]
Gold:   1328       SH:  0    Dex:  7    Spells: 32/34 levels left

rFire   + . .        s - +3 broad axe (flame)
rCold   + + .        (no shield)
rNeg    . . .        K - +4 ice dragon scales of Starshine {rElec rPois rF- rC++ Str-3 Int+6}
rPois   +            c - +0 helmet
rElec   +            S - +0 cloak
rCorr   .            k - +1 pair of gloves
SInv    .            o - +1 pair of boots {Fly}
Will    +....        P - amulet of magic regeneration Stlth
                     T - +4 ring of protection
HPRegen 0.42/turn    U - ring "Liojy" {rF+ EV+5 Dex+2}
MPRegen 0.61/turn

%: no passive effects
@: flying
A: runic magic, artefact enchanting
a: Renounce Religion, Fiery Armour, Foxfire Swarm, Rising Flame


You were on level 2 of the Orcish Mines.
You worshipped Ignis.
Ignis was extremely pleased with you.
You visited 3 branches of the dungeon, and saw 19 of its levels.
You also visited: Bailey and Ice Cave.

You collected 1588 gold pieces.
You spent 260 gold pieces at shops.


Innate Abilities, Weirdness & Mutations

Your spellcasting is much less encumbered by armour.
You can use scrolls of enchantment on lesser artefacts.


   Skills:
 + Level 13.4 Fighting
 + Level 14.6 Axes
 + Level 12.9 Armour
 + Level 7.1 Shields
 + Level 10.1 Spellcasting
 + Level 14.4 Fire Magic


You had 32 spell levels left.
You knew the following spells:

 Your Spells              Type           Power      Damage    Failure   Level
X - Scorch                Fire           100%       2d9       1%          2

Your spell library contained the following spells:

 Spells                   Type           Power      Damage    Failure   Level
 Ignite Poison            Fire/Alch      46%        N/A       3%          4
 Sticky Flame             Fire/Alch      46%        2d9       3%          4
 Apportation              Tloc           24%        N/A       7%          1
 Slow                     Hex            48%        N/A       7%          1
 Jinxbite                 Hex            24%        N/A       10%         2
 Static Discharge         Conj/Air       24%        3-4/arc   10%         2
 Sublimation of Blood     Necr           12%        N/A       10%         2
 Confusing Touch          Hex            12%        N/A       21%         3
 Frozen Ramparts          Ice            24%        1d4       21%         3
 Hailstorm                Conj/Ice       12%        3d6       21%         3
 Ozocubu's Armour         Ice            12%        N/A       21%         3
 Sigil of Binding         Hex            12%        N/A       21%         3
 Stone Arrow              Conj/Erth      24%        3d8       21%         3
 Summon Ice Beast         Ice/Summ       12%        N/A       21%         3
 Vampiric Draining        Necr           12%        2d6       21%         3
 Airstrike                Air            6%         2d(1-17)  54%         4
 Anguish                  Hex/Necr       6%         N/A       54%         4
 Animate Armour           Summ/Erth      24%        N/A       54%         4
 Brom's Barrelling Bould  Conj/Erth      12%        2d4       54%         4
 Cause Fear               Hex            6%         N/A       54%         4
 Dispel Undead            Necr           12%        3d9       54%         4
 Petrify                  Alch/Erth      12%        N/A       54%         4
 Summon Lightning Spire   Summ/Air       12%        N/A       54%         4
 Ignition                 Fire           34%        3d11      75%         8
 Alistair's Intoxication  Alch           8%         N/A       88%         5
 Irradiate                Conj/Alch      6%         3d13      88%         5
 Iskenderun's Battlesphe  Conj           12%        2d7       88%         5
 Metabolic Englaciation   Hex/Ice        6%         N/A       88%         5
 Yara's Violent Unravell  Hex/Alch       6%         3d5       88%         5
 Bombard                  Conj/Erth      6%         9d2       100%        6
 Death Channel            Necr           6%         N/A       100%        6
 Permafrost Eruption      Ice/Erth       6%         2x4d3     100%        6
 Sculpt Simulacrum        Ice/Alch       6%         N/A       100%        6
 Enfeeble                 Hex            6%         N/A       100%        7
 Spellforged Servitor     Conj/Summ      6%         N/A       100%        7
 Lehudib's Crystal Spear  Conj/Erth      6%         10d3      100%        8

Inventory:

Hand Weapons
 j - a +0 broad axe of protection
 s - a +3 broad axe of flaming (weapon)
Armour
 c - a +0 helmet (worn)
 k - a +1 pair of gloves (worn)
 o - a +1 pair of boots of flying (worn)
 K - the +4 ice dragon scales of Starshine (worn) {rElec rPois rF- rC++ Str-3 Int+6}
   (You found it in an ice cave)

   Str-3:     It affects your strength (-3).
   Int+6:     It affects your intelligence (+6).
   rF-:       It makes you vulnerable to fire.
   rC++:      It greatly protects you from cold.
   rElec:     It insulates you from electricity.
   rPois:     It protects you from poison.
 L - a +1 chain mail of cold resistance
 M - a +0 kite shield of cold resistance
 S - a +0 cloak (worn)
Magical Staves
 x - a staff of death {!a}
Jewellery
 n - a ring of positive energy
 N - a ring of positive energy
 P - an amulet of magic regeneration (around neck)
 Q - the amulet of the Air {Inacc Air Fly rElec RMsl}
   (You found it in an ice cave)

   [amulet of nothing]

   Inacc:     It reduces the accuracy of your attacks and spells.
   Air:       It enhances your air magic.
   rElec:     It insulates you from electricity.
   Fly:       It grants you flight.
   RMsl:      It protects you from missiles.
 R - a ring of resist corrosion
 T - a +4 ring of protection (left hand)
 U - the ring "Liojy" (right hand) {rF+ EV+5 Dex+2}
   (You acquired it on level 3 of the Lair of Beasts)

   [ring of evasion]

   EV+5:      It affects your evasion (+5).
   Dex+2:     It affects your dexterity (+2).
   rF+:       It protects you from fire.
Wands
 i - a wand of paralysis (9)
 p - a wand of warping (10)
 r - a wand of digging (13)
 E - a wand of mindburst (2)
 F - a wand of flame (34)
 O - a wand of polymorph (9)
Scrolls
 b - a scroll of immolation
 g - 3 scrolls of vulnerability
 h - 3 scrolls of noise
 m - 3 scrolls of fear
 q - 2 scrolls of enchant armour
 u - 4 scrolls of amnesia
 v - 8 scrolls of teleportation {@r2}
 w - 4 scrolls of blinking
 y - a scroll of silence {!r}
 G - 8 scrolls of identify {@r1}
 H - 2 scrolls of fog
 I - 2 scrolls of butterflies
 J - 2 scrolls of poison
 V - a scroll of enchant weapon
 Y - a scroll of torment
 Z - a scroll of revelation
Potions
 d - 3 potions of mutation
 e - a potion of brilliance {unknown}
 f - a potion of resistance
 l - 8 potions of curing {@q1}
 t - a potion of magic
 z - 4 potions of berserk rage {!q}
 A - a potion of invisibility
 B - 2 potions of haste {@q3}
 C - 5 potions of ambrosia
 D - 7 potions of enlightenment
 W - a potion of cancellation
 X - 3 potions of lignification
Miscellaneous
 a - a lightning rod (4/4)

Dungeon Overview and Level Annotations

Branches:
Dungeon (12/15)            Temple (0/1) D:6            Lair (5/5) D:10
 Shoals (0/4) Lair:2        Snake (0/4) Lair:3        Slime (0/5) Lair:5
    Orc (2/2) D:10            Elf (0/3) Orc:2        Bailey (visited)
  IceCv (visited)

Altars:
Elyvilon
Hepliaklqana
Okawaru
Ru
Trog
Yredelemnul
Zin
Jiyva
Lugonu

Shops:
D:7 (!(?   D:9 *:[   D:12 =

Portals:
Abyss: Lair:5

.. ... ##
....#.#
....#..##
..^.....#
........#
##......###
#.....)@o.#####
##......)...#.##
##....o..)....#
###.....$...#.##
..........#####
........###
........)#
........#.#
.......##.###


You could see 2 orc warriors.


Message History

Unknown command.
You hit the orc warrior. You burn the orc warrior.
You kill the orc warrior!
You hit the orc knight. You burn the orc knight.
You hit the orc warrior but do no damage.
The orc warrior hits you with a +0 scimitar!
* * * LOW HITPOINT WARNING * * *
The orc warrior misses you.
Unknown command.
Unknown command.
You slice the orc knight!! You burn the orc knight.
You kill the orc knight!
You hit the orc warrior but do no damage.
The orc warrior hits you but does no damage.
The orc warrior closely misses you.
Unknown command.
Unknown command.
You hit the orc warrior. You burn the orc warrior.
The orc warrior is moderately wounded.
The orc warrior misses you.
The orc warrior hits you from afar with a +0 halberd.
* * * LOW HITPOINT WARNING * * *
You slash the orc warrior! You burn the orc warrior.
The orc warrior is almost dead.
The orc warrior hits you with a +0 scimitar!
* * * LOW HITPOINT WARNING * * *
You feel better.
The orc warrior hits you from afar with a +0 halberd!!
You die...
Ignis goes out, and joins you in death.

Skill      XL: |  1  2  3  4  5  6  7  8  9 10 11 12 13 14 |
---------------+-------------------------------------------+-----
Armour         | 1 2 3 4 5 6 8 9 10 11 12 | 12.9
Fire Magic     | 4 5 6 7 8 9 11 12 13 14 | 14.4
Axes           | 4 5 6 7 8 9 11 12 13 14 | 14.6
Fighting       | 4 5 6 7 9 10 11 12 13 | 13.4
Spellcasting   | 2 3 4 5 6 7 8 9 10 | 10.1
Shields        | 4 7 |  7.1

Action                     |  1- 3 |  4- 6 |  7- 9 | 10-12 | 13-15 || total
---------------------------+-------+-------+-------+-------+-------++-------
  Melee: Hand axe          |    59 |    29 |    50 |       |       ||   138
         Broad axe         |       |       |    61 |   412 |   663 ||  1136
   Cast: Scorch            |    14 |    65 |   163 |   384 |   338 ||   964
  Evoke: Wand              |       |     1 |    21 |     9 |       ||    31
    Use: Potion            |     1 |     2 |     3 |     2 |     1 ||     9
         Scroll            |       |     4 |     8 |     9 |     5 ||    26
   Stab: Paralysed         |       |       |     7 |       |       ||     7
         Petrified         |       |       |       |       |     5 ||     5
 Armour: Robe              |    71 |    77 |       |       |       ||   148
         Scale mail        |       |       |   210 |    94 |       ||   304
         Ring mail         |       |       |       |   579 |       ||   579
         Ice dragon scales |       |       |       |    51 |   810 ||   861
  Dodge: Dodged            |    43 |    64 |   118 |   306 |   567 ||  1098

Levels and vault maps discovered:
D:1:      minmay_arrival_loop, layout_loops_ring, minivault_26
D:2:      layout_rooms, uniq_sigmund
D:3:      layout_basic, dreamdust_ecumenical_altar_drowned_temple,
          kennysheep_generic_room_11, uniq_ijyb
D:4:      layout_basic, guppyfry_early_lair_pool, uniq_edmund, uniq_duvessa,
          uniq_pikel
D:5:      layout_layer_cave, nicolae_overflow_hidden_temple
D:6:      layout_loops_cross, temple_fountains, uniq_jeremiah,
          uniq_prince_ribbit1
D:7:      layout_basic, nicolae_wooded_promenade, nicolae_shop_firing_range,
          uniq_maggie
D:8:      layout_basic, minitemple, bh_circular_ruins
D:9:      layout_loops_ring, serial_shops, shop, nicolae_lakefront_shop,
          gammafunk_ghost_hive, enter_bailey_7, grunt_livestock,
          nicolae_shop_self_help
D:10:     layout_grid_maze, minmay_lair_entry_grove, orc_0_dummy
D:11:     layout_roguey
D:12:     layout_basic, nicolae_inconvenience_store
Lair:1:   layout_regular_city, uniq_nergalle
Lair:2:   layout_loops_ring, minmay_shoals_entry_lonely_mermaid,
          portal_ice_cave_entry_pillars_1, beast_lair_carwin_7
Lair:3:   layout_big_grid, minmay_snake_entry_spellcaster, columned_hall_lemuel,
          st_stairs_11, worms_lemuel, infiniplex_staircase_pool, uniq_gastronok
Lair:4:   layout_roguey
Lair:5:   hellmonk_lair_end_abyssal_woods, layout_small_grid, slime_entry_1,
          infiniplex_staircase_pool_2, grunt_megastairs_4, serial_bayou_shore_a
Orc:1:    emtedronai_trogs_sanctum, layout_caves, ebering_ghost_reflecting_pool,
          serial_shops, shop_fountains, lightli_orcish_oven, uniq_snorg
Orc:2:    st_orc_mages, layout_diamond_mine, nicolae_orc_crystal_geode

Notes
Turn   | Place    | Note
-------+----------+-------------------------------------------
     0 | D:1      | cforsyth the Mountain Dwarf Cinder Acolyte began the quest
                  | for the Orb.
     0 | D:1      | Reached XP level 1. HP: 19/19 MP: 2/2
   311 | D:1      | Reached XP level 2. HP: 24/26 MP: 3/3
   851 | D:2      | Reached skill level 1 in Armour
   854 | D:2      | Learned a level 2 spell: Scorch
   944 | D:2      | Reached skill level 4 in Fire Magic
   944 | D:2      | Reached XP level 3. HP: 27/31 MP: 2/5
  1065 | D:2      | Reached skill level 4 in Axes
  1270 | D:2      | Noticed Sigmund
  1333 | D:2      | Killed Sigmund
  1334 | D:2      | Reached skill level 4 in Fighting
  1334 | D:2      | Reached skill level 2 in Armour
  1334 | D:2      | Reached skill level 2 in Spellcasting
  1334 | D:2      | Reached XP level 4. HP: 30/40 MP: 1/7
  1334 | D:2      | Reached XP level 5. HP: 35/46 MP: 1/8
  1856 | D:3      | Reached XP level 6. HP: 53/53 MP: 4/9
  1860 | D:3      | Noticed Ijyb
  2021 | D:4      | Noticed Edmund
  2085 | D:3      | Killed Ijyb
  2212 | D:3      | Identified a potion of resistance
  2567 | D:3      | Reached skill level 5 in Axes
  2720 | D:3      | Reached skill level 5 in Fire Magic
  2863 | D:3      | Found a faded altar of an unknown god.
  3615 | D:3      | Reached skill level 3 in Armour
  3796 | D:4      | Noticed Duvessa
  3796 | D:4      | Noticed Dowan
  4251 | D:4      | Reached XP level 7. HP: 60/60 MP: 6/11
  4305 | D:4      | Killed Dowan
  4306 | D:4      | Reached skill level 5 in Fighting
  4427 | D:4      | Reached skill level 3 in Spellcasting
  4891 | D:5      | Entered Level 5 of the Dungeon
  5061 | D:5      | Reached skill level 4 in Armour
  5065 | D:5      | Reached skill level 6 in Axes
  5065 | D:5      | Reached skill level 6 in Fire Magic
  5100 | D:5      | Reached XP level 8. HP: 34/69 MP: 0/13
  5881 | D:5      | Reached skill level 6 in Fighting
  6110 | D:5      | Found a bloodstained altar of Trog.
  6113 | D:5      | Found a glowing silver altar of Zin.
  6133 | D:5      | Found an iron altar of Okawaru.
  6135 | D:5      | Found a hazy altar of Hepliaklqana.
  6355 | D:6      | Noticed Jeremiah
  6397 | D:6      | Killed Jeremiah
  6398 | D:6      | Reached skill level 5 in Armour
  6398 | D:6      | Reached skill level 4 in Spellcasting
  6398 | D:6      | Reached skill level 7 in Fire Magic
  6466 | D:6      | Noticed Prince Ribbit
  6825 | D:6      | Reached skill level 7 in Axes
  6911 | D:6      | Found a staircase to the Ecumenical Temple.
  7391 | D:5      | Reached XP level 9. HP: 74/76 MP: 5/15
  7412 | D:5      | Killed Prince Ribbit
  7811 | D:6      | Reached skill level 7 in Fighting
  7870 | D:7      | Reached skill level 6 in Armour
  8136 | D:7      | Noticed Maggie
  8162 | D:7      | Killed Maggie
  8163 | D:7      | Reached skill level 8 in Axes
  8163 | D:7      | Reached skill level 5 in Spellcasting
  8163 | D:7      | Reached skill level 8 in Fire Magic
  8426 | D:7      | Found Xuif's Firing Range.
  8449 | D:7      | Paralysed by a hornet for 3 turns
  8456 | D:7      | HP: 7/80 [poisoned by a hornet]
  8460 | D:7      | HP: 3/80 [poisoned by a hornet]
  9078 | D:7      | Found Plog's Magic Scroll Emporium.
  9080 | D:7      | Found Zeotsady's Distillery.
  9082 | D:7      | Found Rutuwunt's Weapon Boutique.
  9103 | D:7      | Bought a scroll of identify for 20 gold pieces
  9103 | D:7      | Bought a scroll of teleportation for 30 gold pieces
  9103 | D:7      | Bought a scroll of blinking for 75 gold pieces
  9103 | D:7      | Bought a scroll of teleportation for 30 gold pieces
  9103 | D:7      | Bought a scroll of poison for 40 gold pieces
  9103 | D:7      | Bought a scroll of identify for 20 gold pieces
  9757 | D:8      | Found a white marble altar of Elyvilon.
  9757 | D:8      | Found a basalt altar of Yredelemnul.
  9761 | D:8      | Found a sacrificial altar of Ru.
 10001 | D:8      | Reached XP level 10. HP: 88/88 MP: 13/18
 10354 | D:8      | Reached skill level 8 in Fighting
 10354 | D:8      | Reached skill level 7 in Armour
 11338 | D:9      | Paralysed by a hornet for 3 turns
 11347 | D:9      | HP: 5/88 [hornet (10)]
 11403 | D:9      | Found a flagged portal.
 11525 | Bailey   | Entered a bailey
 11686 | Bailey   | Paralysed by a kobold for 3 turns
 11692 | Bailey   | Paralysed by a kobold for 2 turns
 11699 | Bailey   | Noticed an orc knight
 11731 | Bailey   | Killed an orc knight
 11732 | Bailey   | Reached skill level 9 in Axes
 11732 | Bailey   | Reached skill level 9 in Fire Magic
 12167 | Bailey   | Noticed an orc knight
 12191 | Bailey   | Killed an orc knight
 12192 | Bailey   | Reached skill level 6 in Spellcasting
 13000 | D:9      | Found Zisee's General Store.
 13008 | D:9      | Bought a scroll of teleportation for 45 gold pieces
 13332 | D:9      | Found Orirchac's Self-Improvement Boutique.
 13524 | D:9      | Noticed a centaur warrior
 13541 | D:9      | Reached skill level 8 in Armour
 13541 | D:9      | Killed a centaur warrior
 13542 | D:9      | Reached skill level 9 in Fighting
 13752 | D:9      | Reached XP level 11. HP: 93/97 MP: 9/20
 13944 | D:9      | Reached skill level 10 in Axes
 14033 | D:9      | Found Haewneu's Antique Armour Shop.
 14119 | D:9      | Found a transporter.
 14120 | D:9      | Noticed cjoo's ghost (novice DsNe)
 14121 | D:9      | Found a transporter.
 14139 | D:9      | Reached skill level 10 in Fire Magic
 14402 | D:10     | Entered Level 10 of the Dungeon
 14856 | D:10     | Found a staircase to the Orcish Mines.
 14856 | D:10     | Found a staircase to the Lair.
 15226 | D:10     | Noticed a two-headed ogre
 15244 | D:10     | Killed a two-headed ogre
 15821 | D:10     | Noticed a two-headed ogre
 15836 | D:10     | Killed a two-headed ogre
 15837 | D:10     | Reached skill level 7 in Spellcasting
 16147 | D:10     | Reached skill level 9 in Armour
 16685 | D:11     | Reached skill level 10 in Fighting
 17053 | D:11     | Reached skill level 11 in Axes
 17078 | D:11     | Reached skill level 11 in Fire Magic
 17214 | D:11     | Noticed a soul eater
 17217 | D:11     | Noticed a soul eater
 17889 | D:11     | Reached XP level 12. HP: 60/107 MP: 9/23
 18285 | D:12     | Noticed a boulder beetle
 18491 | D:12     | Killed a boulder beetle
 18955 | D:12     | Reached skill level 10 in Armour
 19024 | D:12     | Found Tecukot's Jewellery Shoppe.
 19626 | Lair:1   | Entered Level 1 of the Lair of Beasts
 19663 | Lair:1   | Noticed Nergalle
 19681 | Lair:1   | Killed Nergalle
 19682 | Lair:1   | Reached skill level 8 in Spellcasting
 19817 | Lair:1   | Reached skill level 11 in Fighting
 19956 | Lair:1   | Identified the +0 robe of Moteol {rN++ Regen+ Dex+3}
 20194 | Lair:1   | Reached skill level 12 in Axes
 20306 | Lair:1   | Reached skill level 12 in Fire Magic
 20887 | Lair:2   | Found a frozen archway.
 20966 | IceCv    | Entered an ice cave
 21229 | IceCv    | Identified the +4 ice dragon scales of Starshine {rElec
                  | rPois rF- rC++ Str-3 Int+6}
 22012 | IceCv    | Noticed a white draconian
 22037 | IceCv    | Killed a white draconian
 22190 | IceCv    | Found the amulet of the Air {Inacc Air Fly rElec RMsl}
 22307 | Lair:2   | Reached XP level 13. HP: 116/116 MP: 25/25
 22464 | Lair:2   | Reached skill level 11 in Armour
 22470 | Lair:2   | Reached skill level 1 in Shields
 22853 | Lair:2   | Found a staircase to the Shoals.
 23142 | Lair:2   | Reached skill level 2 in Shields
 23744 | Lair:3   | Got the Catalogue of Flinty Necromantic Rites
 23806 | Lair:3   | Identified a scroll of acquirement
 23910 | Lair:3   | Acquired the ring "Liojy" {rF+ EV+5 Dex+2}
 23946 | Lair:3   | Noticed Gastronok
 24133 | Lair:3   | Killed Gastronok
 24184 | Lair:3   | Found a staircase to the Snake Pit.
 24247 | Lair:3   | Reached skill level 12 in Fighting
 24247 | Lair:3   | Reached skill level 13 in Axes
 24247 | Lair:3   | Reached skill level 3 in Shields
 24270 | Lair:3   | Reached skill level 9 in Spellcasting
 24270 | Lair:3   | Reached skill level 13 in Fire Magic
 25153 | Lair:4   | Reached skill level 4 in Shields
 26138 | Lair:4   | Identified the +12 great sword of Ancient Evil {chaos,
                  | +Blink}
 26512 | Lair:5   | Entered Level 5 of the Lair of Beasts
 26752 | Lair:4   | Reached XP level 14. HP: 71/127 MP: 27/27
 26892 | Lair:5   | Reached skill level 12 in Armour
 27067 | Lair:5   | Reached skill level 5 in Shields
 27511 | Lair:5   | Found a staircase to the Slime Pits.
 27512 | Lair:5   | Found a viscous altar of Jiyva.
 28073 | Lair:4   | Reached skill level 14 in Axes
 28558 | Lair:5   | Reached skill level 6 in Shields
 28582 | Lair:5   | Reached skill level 13 in Fighting
 28726 | Lair:5   | Reached skill level 14 in Fire Magic
 29409 | Lair:5   | Paralysed by a spriggan for 2 turns
 29713 | Lair:5   | Found a corrupted altar of Lugonu.
 29713 | Lair:5   | Found a one-way gate to the infinite horrors of the Abyss.
 29749 | Lair:5   | Identified the +5 scale mail "Naituolu" {rF+ rCorr Str+6}
 30035 | D:4      | Killed Duvessa
 30138 | D:4      | Noticed Pikel
 30149 | D:4      | Killed Pikel
 30150 | D:4      | Reached skill level 10 in Spellcasting
 30458 | D:4      | Killed Edmund
 30935 | D:9      | Killed cjoo's ghost
 31413 | Orc:1    | Entered Level 1 of the Orcish Mines
 31595 | Orc:2    | Entered Level 2 of the Orcish Mines
 31717 | Orc:2    | Paralysed by an orc sorcerer for 3 turns
 31746 | Orc:2    | Reached skill level 7 in Shields
 32458 | Orc:2    | Reached XP level 15. HP: 136/136 MP: 22/29
 32578 | Orc:2    | Found a staircase to the Elven Halls.
 32637 | Orc:2    | HP: 8/136 [orc warrior/+0 scimitar[an orc knight] (14)]
 32638 | Orc:2    | Slain by an orc warrior

Vanquished Creatures
  Gastronok (Lair:3)
  A white draconian (IceCv)
  A centaur warrior (D:9)
  3 hydras
  A catoblepas (Lair:5)
  A boulder beetle (D:12)
  The ghost of cjoo the Reanimator, a novice DsNe (D:9)
  2 two-headed ogres (D:10)
  4 thrashing horrors (Lair:5)
  2 orc high priests (Orc:2)
  14 death yaks
  A skyshark (Lair:3)
  Nergalle (Lair:1)
  Pikel (D:4)
  4 orc knights
  3 cyclopes
  2 orc sorcerers (Orc:2)
  An oklob plant (Lair:4)
  A manticore (D:12)
  An ugly thing (Lair:5)
  A large abomination (Lair:5)
  A merfolk siren (Lair:2)
  A guardian serpent (Lair:3)
  2 ice statues (IceCv)
  7 black mambas
  Maggie (D:7)
  Jeremiah (D:6)
  4 smoke demons (Lair:5)
  A kobold demonologist (D:11)
  6 cane toads
  6 rime drakes
  14 komodo dragons
  6 trolls
  A queen bee (D:9)
  2 polar bears (Lair:5)
  3 raiju (Lair:5)
  Prince Ribbit (D:5)
  4 hornets
  52 blink frogs
  Sigmund (D:2)
  4 dream sheep (Lair:5)
  2 shadows
  A spriggan (Lair:5)
  A ynoxinul (Lair:5)
  7 small abominations (Lair:5)
  8 wyverns
  8 basilisks
  44 yaks
  A human (D:9)
  4 hogs (D:9)
  11 vampire mosquitoes
  4 steam dragons
  A chaos spawn (Lair:5)
  4 swamp worms (Lair:3)
  2 wargs
  2 acid dragons
  Edmund (D:4)
  8 water moccasins
  Duvessa (D:4)
  A black bear (D:3)
  2 ice beasts
  16 orc warriors
  2 ogres
  A wolf (Lair:2)
  A lemure (D:4)
  2 centaurs
  A phantom (D:5)
  11 bullfrogs
  A kobold brigand (D:8)
  2 gnoll sergeants (D:8)
  3 scorpions
  9 wights
  Dowan (D:4)
  18 killer bees
  3 lindwurm simulacra (IceCv)
  4 bombardier beetles
  A howler monkey (D:7)
  5 electric eels
  8 komodo dragon simulacra (IceCv)
  4 hounds
  A gnoll bouda (D:5)
  19 orc priests
  2 jellies
  6 iguanas
  Ijyb (D:3)
  2 sleepcaps
  18 orc wizards
  A human simulacrum (D:8)
  6 acid dragon simulacra (IceCv)
  6 adders
  21 gnolls
  3 shadow imps
  A white imp (D:8)
  2 ufetubi (D:7)
  4 steam dragon simulacra (IceCv)
  2 dart slugs
  3 ribbon worms
  53 orcs
  7 ball pythons
  2 bats
  5 endoplasms
  3 giant cockroaches
  5 goblins
  3 hobgoblins
  4 jackals (D:2)
  24 kobolds
  A quokka (D:1)
  3 frilled lizards
  7 rats
  A spectral hobgoblin (D:3)
587 creatures vanquished.

Vanquished Creatures (others)
  An orc priest (Orc:2)
  A human simulacrum (D:8)
  An orc (D:10)
  A ball python (D:3)
4 creatures vanquished.

Grand Total: 591 creatures vanquished

Table legend: (Time is in decaauts)
 A = Elapsed time spent in this place.
 B = Non-inter-level travel time spent in this place.
 C = Inter-level travel time spent in this place.
 D = Time resting spent in this place.
 E = Time spent auto-exploring this place.
 F = Levels seen in this place.
 G = Mean time per level.
                   A        B        C        D        E       F      G
               +--------+--------+--------+--------+--------+-----+--------+
         Total |  32697 |  31437 |   1260 |   7043 |  18172 |  21 | 1557.0 |
       Dungeon |  19718 |  18778 |    940 |   3542 |  11976 |  12 | 1643.2 |
          Lair |   8968 |   8668 |    300 |   1594 |   5211 |   5 | 1793.6 |
  Orcish Mines |   1209 |   1190 |     19 |    578 |    289 |   2 |  604.5 |
        Bailey |   1467 |   1467 |      0 |    783 |    188 |   1 | 1467.0 |
      Ice Cave |   1333 |   1333 |      0 |    546 |    508 |   1 | 1333.0 |
               +--------+--------+--------+--------+--------+-----+--------+

Top non-repeatable levels by time:
     D:9: 2813 daAuts
  Lair:5: 2719 daAuts
     D:3: 2104 daAuts
  Lair:4: 1976 daAuts
     D:7: 1958 daAuts
     D:5: 1855 daAuts
  Lair:3: 1772 daAuts
     D:4: 1692 daAuts
    D:12: 1628 daAuts
     D:8: 1575 daAuts
    D:11: 1509 daAuts
    D:10: 1507 daAuts
  Bailey: 1467 daAuts
   IceCv: 1333 daAuts
  Lair:2: 1291 daAuts

Table legend:
 A = Non-vault XP
 B = Vault XP
 C = Vault XP percentage of total XP
 D = Non-vault monster count
 E = Vault monster count
 F = Vault count percentage of total count
                 A         B        C        D         E       F
            +---------+---------+-------+---------+---------+-------
      Total |   69633 |   34422 |  33.1 |     402 |     184 |  31.4
            +---------+---------+-------+---------+---------+-------
        D:1 |      19 |       0 |   0.0 |      11 |       0 |   0.0
        D:2 |      69 |     243 |  77.9 |      19 |       1 |   5.0
        D:3 |     316 |      37 |  10.5 |      22 |       2 |   8.3
        D:4 |     301 |    1054 |  77.8 |      23 |       4 |  14.8
        D:5 |    1107 |     264 |  19.3 |      24 |       1 |   4.0
        D:6 |     769 |     406 |  34.6 |      11 |       1 |   8.3
        D:7 |    1491 |     418 |  21.9 |      20 |       1 |   4.8
        D:8 |     864 |      22 |   2.5 |      33 |       1 |   2.9
        D:9 |    3287 |    4247 |  56.4 |      26 |      26 |  50.0
       D:10 |    2955 |     256 |   8.0 |      19 |       2 |   9.5
       D:11 |    4992 |       0 |   0.0 |      19 |       0 |   0.0
       D:12 |    5904 |       0 |   0.0 |      26 |       0 |   0.0
     Lair:1 |    3613 |     765 |  17.5 |      14 |       1 |   6.7
     Lair:2 |    6711 |    1414 |  17.4 |      22 |       7 |  24.1
     Lair:3 |   10165 |    3519 |  25.7 |      23 |       9 |  28.1
     Lair:4 |    7960 |       0 |   0.0 |      14 |       0 |   0.0
     Lair:5 |   16507 |   11903 |  41.9 |      57 |      37 |  39.4
      Orc:1 |    1201 |     411 |  25.5 |       4 |       8 |  66.7
      Orc:2 |    1402 |    3760 |  72.8 |      15 |      29 |  65.9
     Bailey |       0 |    1796 | 100.0 |       0 |      26 | 100.0
      IceCv |       0 |    3907 | 100.0 |       0 |      28 | 100.0
            +---------+---------+-------+---------+---------+-------
